 Dungeon Crawl Stone Soup version 0.25-b1-41-g19641232cd (webtiles) character file.

Game seed: 216055424939929385

2580 Hugehornet the Basher (level 9, -6/51 HPs)
             Began as a Gargoyle Fighter on June 8, 2020.
             Was a Follower of Cheibriados.
             Mangled by an orc warrior
             ... wielding a +3 bardiche of distortion
              (14 damage)
             ... in a bailey.
             The game lasted 00:18:34 (9339 turns).

Hugehornet the Basher (Gargoyle Fighter)            Turns: 9339, Time: 00:18:35

Health: -6/51      AC: 19    Str: 22    XL:     9   Next: 58%
Magic:  9/9        EV:  5    Int: 16    God:    Cheibriados [*.....]
Gold:   546        SH:  9    Dex: 12    Spells: 8/8 levels left

rFire    . . .     SeeInvis .   b - +2 flail (drain)
rCold    . . .     Gourm    .   c - +0 kite shield
rNeg     + . .     Faith    .   u - +0 chain mail
rPois    ∞         Spirit   .   t - +0 helmet
rElec    +         Reflect  .   j - +0 cloak
rCorr    .         Harm     .   r - +0 pair of gloves
MR       .....                  (no boots)
Stlth    ..........             (no amulet)
HPRegen  0.17/turn              (no ring)
MPRegen  0.11/turn              y - ring of stealth

@: very slow
A: negative energy resistance 1, electricity resistance, unbreathing,
petrification resistance, rot immunity, AC +6
a: Bend Time, Renounce Religion


You were in a bailey.
You worshipped Cheibriados.
Cheibriados was aware of your devotion.
You were not hungry.

You visited 2 branches of the dungeon, and saw 8 of its levels.
You also visited: Sewer, Ossuary and Bailey.

You collected 546 gold pieces.

Inventory:

Hand Weapons
 a - a +0 war axe
 b - a +2 flail of draining (weapon)
 v - a +0 trident
Armour
 c - a +0 kite shield (worn)
 d - a +0 scale mail
 h - a +0 troll leather armour {Purgy}
 j - a +0 cloak (worn)
 r - a +0 pair of gloves (worn)
 t - a +0 helmet (worn)
 u - a +0 chain mail (worn)
 I - a scarf of resistance
Jewellery
 n - an uncursed ring of ice
 y - a ring of stealth (right hand)
Wands
 A - a wand of paralysis (4)
Scrolls
 g - 3 scrolls of remove curse
 i - 4 scrolls of teleportation
 m - a scroll of amnesia
 w - a scroll of fear
 z - a scroll of blinking
 E - a scroll of enchant armour {unknown}
 F - 2 scrolls of noise {unknown}
 G - 3 scrolls of magic mapping
 J - a scroll of identify
Potions
 e - 6 potions of curing
 l - 2 potions of berserk rage
 o - a potion of brilliance
 p - 4 potions of mutation
 q - 3 potions of ambrosia
 s - 3 potions of flight
 x - 3 potions of stabbing
 B - a potion of resistance {unknown}
 C - 3 potions of haste
 D - a potion of invisibility {unknown}
Comestibles
 f - 12 rations


   Skills:
 - Level 3.2 Fighting
 - Level 4.3(8.2) Axes
 + Level 11.6(12.0) Maces & Flails
 - Level 3.2 Armour
 - Level 3.2 Shields


You had 8 spell levels left.
You didn't know any spells.
Your spell library contained the following spells:

 Spells                   Type           Power        Failure   Level  Hunger
 Animate Skeleton         Necr           N/A          100%        1    ##.....
 Apportation              Tloc           #.....       100%        1    ##.....
 Corona                   Hex            #......      100%        1    ##.....
 Foxfire                  Conj/Fire      #...         100%        1    ##.....
 Summon Small Mammal      Summ           #...         100%        1    ##.....
 Call Imp                 Summ           #.......     100%        2    ###....
 Call Canine Familiar     Summ           #.......     100%        3    ####...
 Confusing Touch          Hex            #.......     100%        3    ####...
 Conjure Flame            Conj/Fire      #.......     100%        3    ####...
 Gell's Gravitas          Tloc           #.........   100%        3    ####...
 Inner Flame              Hex/Fire       #.......     100%        3    ####...
 Summon Guardian Golem    Hex/Summ       #.......     100%        3    ####...
 Petrify                  Tmut/Erth      #.......     100%        4    #####..
 Sticky Flame             Conj/Fire      #.......     100%        4    #####..
 Summon Ice Beast         Ice/Summ       #.......     100%        4    #####..
 Summon Lightning Spire   Summ/Air       #.......     100%        4    #####..
 Fireball                 Conj/Fire      #.........   100%        5    ######.
 Metabolic Englaciation   Hex/Ice        #.........   100%        5    ######.
 Yara's Violent Unravell  Hex/Tmut       #.........   100%        5    ######.


Dungeon Overview and Level Annotations

Branches:
Dungeon (7/15)             Temple (1/1) D:6           Sewer (visited)
Ossuary (visited)          Bailey (1/1)

Altars:
Cheibriados
Gozag
Kikubaaqudgha
Nemelex Xobeh
Qazlal
Uskayaw
Vehumet
Yredelemnul
Zin
The Shining One

Shops:
D:5 }

Annotations:
D:3 3 runed translucent doors, kathalu's ghost, amateur HuBe


Innate Abilities, Weirdness & Mutations

You are resistant to torment.
Your stone body is resilient. (AC +6)
You are immune to poison.
You resist negative energy. (rN+)
You are resistant to electric shocks. (rElec)
You can survive without breathing.
You are immune to petrification.
You are immune to rotting.


Message History

The orc warrior hits you with a +3 bardiche of distortion.
You blink.
A centaur comes into view. It is wielding a +0 halberd.
An orc comes into view. It is wielding a +0 trident.
Found a +0 glaive.
A centaur comes into view. It is wielding a +0 halberd.
The orc shouts!
The centaur shouts!
The centaur throws a javelin.
The javelin pierces through you but does no damage.
You see here a javelin.
The orc warrior hits you but does no damage.
Space bends around you.
Your shield and chain mail prevent you from hitting the orc warrior.
The orc warrior is moderately wounded.
You closely miss the orc warrior.
The orc warrior is moderately wounded.
The orc warrior hits you with a +3 bardiche of distortion!
* * * LOW HITPOINT WARNING * * *
Space warps horribly around you!
You die...

o≈.....≈≈≈≈≈≈≈.
.≈.....≈≈≈.≈≈≈..
c≈.....≈≈≈)≈≈≈..
.≈.....≈≈≈:≈≈≈.....≈
.≈.....≈≈≈≈≈≈≈.....≈
.≈≈....≈≈≈≈≈≈≈....≈≈
≈.≈.....≈≈≈≈≈.....≈.
≈.≈≈.⌠.(≈≈≈≈≈..⌠.≈≈.
≈≈.≈....@≈≈≈.....≈.≈
≈≈.≈≈≈...o.....≈≈≈.≈
≈≈≈..≈≈≈...((≈≈≈..≈≈
≈≈≈≈≈.c≈#(((#≈o.≈≈≈≈
≈≈≈≈≈≈≈.#..)#.≈≈≈≈≈≈
≈≈≈≈≈≈≈≈#...#≈≈≈≈≈≈≈
#≈≈≈≈≈≈≈#...#≈≈≈≈≈≈≈
#########'')#########
##...........))..)...##


You could see 2 orc warriors and a centaur.

Vanquished Creatures
  6 orc warriors (Bailey)
  2 phantoms
  Purgy (Sewer)
  An ice beast (D:6)
  5 centaurs
  2 bullfrogs (D:6)
  A scorpion (D:5)
  2 troll zombies (Ossuary)
  A crimson imp (D:6)
  A centaur zombie (Ossuary)
  2 hounds
  A human zombie (Ossuary)
  2 orc priests
  7 orc wizards
  Crazy Yiuf (D:5)
  A bullfrog skeleton (D:7)
  Terence (D:2)
  2 worker ants
  A big kobold zombie (Ossuary)
  2 ogre zombies (Ossuary)
  7 mummies (Ossuary)
  2 howler monkey skeletons (D:5)
  4 adders
  3 gnolls (D:7)
  A river rat (D:4)
  2 shadow imps
  A white imp (D:5)
  An ooze (D:1)
  3 adder zombies
  2 dart slugs (D:1)
  4 leopard geckos
  37 orcs
  5 bats
  9 giant cockroaches
  7 goblins
  7 hobgoblins
  2 jackals (D:2)
  13 kobolds
  5 quokkas
  3 frilled lizards
  A gnoll zombie (Ossuary)
  4 goblin skeletons (D:5)
  5 goblin zombies
  5 hobgoblin zombies (Ossuary)
  A jackal skeleton (D:5)
  A kobold skeleton (D:5)
  5 kobold zombies
  2 leopard gecko skeletons
  An orc zombie (D:5)
  4 quokka zombies (Ossuary)
  14 rats
  4 rat zombies (Ossuary)
  A spectral orc (D:5)
  A fungus (D:5)
209 creatures vanquished.

Vanquished Creatures (others)
  A fungus (D:3)
  A plant (D:3)
2 creatures vanquished.

Grand Total: 211 creatures vanquished

Notes
Turn   | Place    | Note
-------+----------+-------------------------------------------
     0 | D:1      | Hugehornet the Gargoyle Fighter began the quest for the
                  | Orb.
     0 | D:1      | Reached XP level 1. HP: 14/14 MP: 1/1
   127 | D:1      | Reached XP level 2. HP: 19/19 MP: 2/2
   761 | D:1      | Reached XP level 3. HP: 21/23 MP: 3/3
  1078 | D:2      | Noticed Terence
  1092 | D:2      | Killed Terence
  1092 | D:2      | Reached XP level 4. HP: 26/28 MP: 4/4
  1675 | D:2      | Reached skill level 1 in Maces & Flails
  1675 | D:2      | Reached XP level 5. HP: 30/32 MP: 5/5
  1868 | D:3      | Reached skill level 2 in Maces & Flails
  2229 | D:3      | Reached skill level 3 in Maces & Flails
  2414 | D:3      | Reached XP level 6. HP: 37/37 MP: 6/6
  2910 | D:3      | Noticed a phantom
  2912 | D:3      | Reached skill level 4 in Maces & Flails
  2967 | D:3      | Killed a phantom
  3235 | D:3      | Found a runed translucent gate.
  3236 | D:3      | Found a runed translucent gate.
  3237 | D:3      | Found a runed translucent gate.
  3242 | D:3      | Noticed kathalu's ghost (amateur HuBe)
  3420 | D:4      | Found a glowing drain.
  3443 | D:4      | Reached skill level 5 in Maces & Flails
  3497 | Sewer    | Entered a sewer
  3510 | Sewer    | Noticed Purgy
  3522 | Sewer    | Killed Purgy
  3522 | Sewer    | Reached XP level 7. HP: 35/41 MP: 7/7
  4028 | D:4      | Found a hide-covered altar of Uskayaw.
  4153 | D:4      | Reached skill level 6 in Maces & Flails
  4486 | D:5      | Entered Level 5 of the Dungeon
  4491 | D:5      | Found an opulent altar of Gozag.
  4793 | D:5      | Reached skill level 7 in Maces & Flails
  4855 | D:5      | Found a sand-covered staircase.
  4859 | Ossuary  | Entered an ossuary
  5038 | Ossuary  | Reached XP level 8. HP: 41/46 MP: 8/8
  5287 | Ossuary  | Reached skill level 8 in Maces & Flails
  5843 | D:5      | Found Obeaxter's Gadget Shop.
  6280 | D:5      | Reached skill level 9 in Maces & Flails
  6379 | D:5      | Found a basalt altar of Yredelemnul.
  6493 | D:5      | Found a glowing golden altar of the Shining One.
  6916 | D:5      | Found a runed translucent door.
  6917 | D:5      | Noticed Crazy Yiuf
  6922 | D:5      | Killed Crazy Yiuf
  7015 | D:6      | Found a staircase to the Ecumenical Temple.
  7045 | Temple   | Entered the Ecumenical Temple
  7187 | Temple   | Became a worshipper of Cheibriados the Contemplative
  7436 | D:6      | Reached skill level 10 in Maces & Flails
  7443 | D:6      | Reached XP level 9. HP: 51/51 MP: 9/9
  7759 | D:7      | Found a flagged portal.
  7795 | Bailey   | Entered a bailey
  7879 | Bailey   | Reached * piety under Cheibriados
  8384 | Bailey   | Reached skill level 11 in Maces & Flails
  9339 | Bailey   | Mangled by an orc warrior

Illustrated notes

Levels and vault maps discovered:
D:1:      evilmike_arrival_rings, layout_basic, minmay_misc_feat_pillars
D:2:      layout_loops_cross, uniq_terence
D:3:      layout_loops_ring, gammafunk_ghost_nasty_kobolds
D:4:      layout_basic, lemuel_round_altar, portal_sewer_entry_c, minivault_5,
          minmay_cupped
D:5:      layout_loops_corners, yredelemnul_forgotten_temple_becter,
          nicolae_tso_besieged_by_evil, enter_ossuary_5, first_ration,
          serial_shops, nicolae_shop_trees, basic_altar, uniq_crazy_yiuf_cottage
D:6:      layout_basic, minmay_temple_entry_sparse_star,
          kennysheep_generic_room_16
D:7:      layout_basic, overflow_temple_1_default, enter_bailey_7,
          uniq_prince_ribbit1
Temple:   eino_temple_rhombus
Bailey:   bailey_polearm_flooded_kennysheep, bailey

Skill      XL: |  1  2  3  4  5  6  7  8  9 |
---------------+----------------------------+-----
Axes           | 2 3 4 |  4.3
Maces & Flails | 1 3 5 7 10 11 | 11.6
Fighting       | |  3.2
Armour         | |  3.2
Shields        | |  3.2

Action                   |  1- 3 |  4- 6 |  7- 9 || total
-------------------------+-------+-------+-------++-------
Melee: War axe           |    75 |    12 |       ||    87
       Flail             |       |   203 |   431 ||   634
       Trident           |       |       |   136 ||   136
  Use: Potion            |       |     1 |     6 ||     7
       Scroll            |       |     8 |    11 ||    19
  Eat: Chunk             |     1 |     8 |    10 ||    19
       Ration            |       |       |     2 ||     2
Armor: Scale mail        |    40 |    79 |       ||   119
       Chain mail        |       |    63 |   347 ||   410
Dodge: Dodged            |    26 |    73 |   108 ||   207
Block: Kite shield       |    37 |   130 |   266 ||   433
